Map: Ley Lines

Players

ByuN - Winner!

  • Race: Terran Terran
  • League: Diamond
  • Spawn Location: 1:00

Astrea

  • Race: Protoss Protoss
  • League: Master
  • Spawn Location: 7:00

VOD

Have the link to the VOD?

Description

Time

  • Played on: June 3, 2025, 8:29 p.m.
  • Length: 14:42
Show
View Real Time Build Order
Export as new Build Order

ByuN Terran - Winner!

Build Orders:  

Get SALT Encoding   

  12  0:01  SCV  
  13  0:13  SCV  
  14  0:17  Supply Depot  
  14  0:25  SCV  
  15  0:38  SCV  
  15  0:39  Barracks  
  15  0:42  Refinery  
  16  0:50  SCV  
  16  0:52  Refinery  
  17  1:03  SCV  
  18  1:15  SCV  
  19  1:26  Reaper  
  19  1:27  Orbital Command  
  19  1:28  Supply Depot  
  20  1:40  Factory  
  20  1:52  SCV  
  21  1:58  Reaper  
  22  2:04  SCV  
  23  2:16  SCV  
  23  2:20  Command Center  
  24  2:25  Hellion  
  27  2:30  SCV  
  27  2:34  Barracks Reactor  
  27  2:42  Starport  
  27  2:43  SCV  
  28  2:46  Supply Depot  
  28  2:50  Widow Mine  
  30  2:55  SCV  
  31  3:08  SCV  
  31  3:12  Widow Mine  
  34  3:13  Marine x2  
  36  3:20  SCV  
  37  3:30  Marine  
  37  3:31  Medivac, Marine  
  37  3:32  SCV  
  40  3:34  Orbital Command  
  40  3:38  Factory Tech Lab  
  40  3:44  SCV  
  39  3:48  Marine x2  
  39  3:52  Barracks  
  41  4:00  SCV x2  
  43  4:05  Factory Tech Lab  
  43  4:08  Supply Depot  
  43  4:09  Raven  
  45  4:15  Marine x2  
  45  4:16  SCV x2  
  49  4:19  Refinery  
  49  4:25  Siege Tank  
  49  4:28  SCV x2  
  54  4:34  Marine x2  
  54  4:35  Supply Depot  
  56  4:40  SCV  
  56  4:41  SCV  
  58  4:52  Barracks  
  54  4:53  SCV x2  
  54  4:57  Siege Tank  
  54  4:58  Supply Depot  
  54  4:59  Marine  
  57  5:00  Stimpack  
  57  5:01  Marine  
  57  5:02  Marine  
  57  5:06  Refinery  
  60  5:07  SCV, Engineering Bay  
  60  5:08  SCV  
  62  5:19  SCV  
  62  5:20  SCV  
  64  5:22  Supply Depot, Marine x3  
  67  5:31  Siege Tank  
  67  5:32  SCV  
  67  5:34  Starport Reactor  
  68  5:39  SCV  
  68  5:41  Marine  
  68  5:42  Marine  
  68  5:44  SCV  
  67  5:51  SCV  
  67  5:55  Marine x2  
  70  5:57  SCV  
  69  6:06  SCV, Terran Infantry Weapons Level 1  
  69  6:09  SCV  
  70  6:18  SCV, Marine x2  
  70  6:19  Marauder  
  70  6:21  SCV  
  70  6:24  Supply Depot  
  70  6:25  Factory Reactor  
  76  6:27  Combat Shield  
  76  6:28  Marauder  
  78  6:33  Supply Depot, Medivac x2  
  78  6:36  SCV x2  
  84  6:45  Marine x2  
  88  6:51  Supply Depot, Concussive Shells, Marauder x2  
  82  7:06  Marine x2  
  80  7:10  Medivac x2  
  80  7:12  Marauder  
  80  7:13  Marauder  
  80  7:15  Widow Mine x2  
  90  7:20  Command Center  
  90  7:28  SCV x2  
  92  7:32  Barracks x2  
  92  7:33  Marauder  
  92  7:34  Marauder  
  92  7:35  Marine x2  
  98  7:40  SCV  
  98  7:42  Supply Depot, Widow Mine  
  98  7:44  Widow Mine  
  103  7:50  SCV  
  104  7:56  SCV  
  98  8:02  Marauder x2, Marine x2  
  98  8:14  Widow Mine x2  
  98  8:15  SCV  
  99  8:20  Barracks Reactor, Barracks Tech Lab, Marine x2  
  99  8:21  Medivac x2  
  99  8:23  Ghost Academy, SCV, Marauder  
  99  8:24  Marauder  
  111  8:27  SCV  
  111  8:38  Marine x2  
  111  8:40  Terran Infantry Armor Level 1  
  111  8:43  SCV  
  111  8:45  Marauder x2  
  111  8:46  Marauder  
  118  8:49  Widow Mine x2  
  118  8:54  Viking x2  
  124  8:55  SCV  
  124  8:56  SCV  
  124  9:01  Orbital Command  
  126  9:06  Marauder  
  126  9:07  Ghost  
  131  9:14  Ghost  
  129  9:25  Marine x3  
  129  9:26  Marine  
  129  9:27  Ghost  
  133  9:37  SCV x2  
  131  9:38  SCV  
  131  9:44  Ghost  
  131  9:45  Marine x3  
  136  9:49  SCV x2  
  136  9:50  SCV  
  136  9:56  Ghost  
  136  10:01  Marine x2  
  136  10:04  Marine  
  136  10:05  Marine  
  138  10:09  Refinery  
  138  10:10  Refinery  
  138  10:14  Ghost, Engineering Bay, Armory, Marine  
  131  10:17  SCV  
  131  10:19  Marine  
  137  10:23  Ghost  
  137  10:25  Marine  
  141  10:28  Marine x2  
  140  10:40  Widow Mine x2, Marine x2  
  139  10:43  Ghost  
  141  10:50  Supply Depot  
  141  10:52  Supply Depot  
  141  10:55  Ghost, Marine x2  
  141  10:56  SCV x2  
  148  11:04  Terran Infantry Armor Level 2, Terran Infantry Weapons Level 2  
  148  11:12  Viking x2  
  148  11:18  SCV  
  150  11:25  Command Center  
  148  11:27  SCV x2  
  148  11:30  SCV  
  151  11:34  Marauder x3, Marine x4  
  161  11:42  Viking x2  
  164  11:52  Marine  
  164  11:53  SCV x3  
  148  12:02  Marauder x3, Marine x3  
  148  12:05  SCV x3  
  160  12:10  Marine  
  160  12:13  Medivac x2  
  165  12:21  Sensor Tower  
  165  12:22  Supply Depot x2  
  165  12:23  SCV x3, Sensor Tower, Supply Depot  
  168  12:39  SCV x3, Barracks x2  
  168  12:40  Barracks  
  168  12:43  Medivac x2  
  168  12:44  Missile Turret  
  175  12:52  Missile Turret  
  175  12:56  Marauder x3  
  181  13:05  Marine x3  
  180  13:08  SCV x3  
  177  13:20  SCV x2  
  177  13:22  Marauder  
  177  13:23  Marauder x2, Marine  
  183  13:41  Marine x2  
  185  13:44  Marauder  
  185  13:47  Barracks Reactor, Barracks Tech Lab  
  185  13:48  Marine  
  188  13:52  Barracks Tech Lab  
  188  13:54  Marauder  
  190  14:00  Viking  
  165  14:35  Command Center  
Show
View Real Time Build Order
Export as new Build Order

Astrea Protoss 

Build Orders: 1 Gate Expand, Blink Stalkers 

Get SALT Encoding   

  12  0:00  Probe  
  13  0:12  Probe  
  14  0:16  Pylon  
  14  0:23  Probe  
  15  0:31  Probe  
  16  0:36  Gateway  
  16  0:39  Probe  
  16  0:45  Assimilator  
  17  0:51  Probe  
  18  1:03  Probe  
  19  1:16  Nexus  
  19  1:25  Cybernetics Core  
  19  1:27  Probe  
  20  1:34  Assimilator  
  20  1:35  Probe  
  21  1:43  Probe, Pylon  
  21  1:53  Adept  
  22  1:55  Probe  
  23  2:02  Warp Gate  
  23  2:07  Probe  
  26  2:12  Stalker, Twilight Council  
  26  2:20  Probe  
  27  2:28  Probe  
  30  2:31  Blink  
  30  2:33  Probe  
  31  2:40  Probe  
  32  2:45  Probe  
  33  2:52  Probe  
  33  2:55  Stalker  
  33  2:57  Probe  
  35  3:04  Probe  
  36  3:09  Probe  
  37  3:13  Pylon  
  37  3:16  Probe  
  38  3:22  Probe  
  38  3:28  Probe  
  38  3:34  Probe  
  36  3:40  Probe  
  37  3:43  Robotics Facility  
  37  3:46  Probe  
  38  3:50  Stalker  
  38  3:52  Probe  
  41  3:58  Probe  
  41  4:01  Gateway  
  42  4:04  Probe  
  42  4:09  Gateway  
  43  4:10  Probe  
  43  4:15  Stalker  
  43  4:16  Probe  
  47  4:19  Warp Prism  
  47  4:22  Probe  
  48  4:27  Pylon  
  48  4:28  Probe  
  51  4:38  Stalker  
  53  4:54  Nexus  
  53  4:57  Stalker  
  53  4:58  Observer  
  54  5:00  Probe  
  54  5:01  Probe  
  56  5:15  Stalker x2  
  56  5:16  Probe x2  
  56  5:18  Assimilator  
  62  5:27  Pylon  
  62  5:30  Assimilator  
  62  5:32  Pylon  
  60  5:38  Probe  
  60  5:42  Probe  
  60  5:44  Stalker  
  60  5:46  Stalker x2  
  66  5:50  Probe  
  66  5:54  Probe  
  66  5:56  Charge  
  66  5:58  Templar Archives  
  66  6:10  Probe x2  
  66  6:11  Stalker x3  
  66  6:16  Probe  
  64  6:21  Probe x2  
  64  6:25  Probe, Psionic Storm  
  66  6:29  Probe x2  
  67  6:33  Probe  
  67  6:37  High Templar  
  72  6:40  Zealot x2  
  72  6:42  Probe x2  
  72  6:44  Probe  
  79  6:50  Pylon  
  79  6:51  Pylon  
  79  6:55  Probe  
  79  6:57  Probe  
  79  6:59  Probe  
  76  7:07  Probe  
  73  7:09  Probe  
  73  7:11  Probe  
  73  7:14  High Templar  
  73  7:15  Zealot, High Templar  
  81  7:18  Gateway x2  
  81  7:20  Probe  
  82  7:24  Probe x2  
  82  7:27  Forge, Gateway  
  82  7:29  Pylon  
  84  7:41  Stalker  
  86  7:45  Observer  
  86  7:46  Stalker  
  86  7:47  Stalker  
  90  7:58  Pylon  
  84  7:59  Probe  
  85  8:06  Probe x2  
  84  8:14  Zealot x4, High Templar  
  84  8:15  Probe  
  84  8:17  Protoss Ground Weapons Level 1  
  88  8:31  Stalker  
  89  8:35  Templar Archives  
  89  8:38  Nexus  
  89  8:39  Zealot x4  
  97  8:43  Probe  
  97  8:48  Probe x2  
  97  9:01  Gateway x2  
  97  9:04  Zealot  
  97  9:05  Zealot x4  
  97  9:06  Zealot  
  97  9:07  Probe  
  111  9:10  Probe x2  
  108  9:20  Probe  
  101  9:31  Immortal  
  101  9:32  Zealot x4, High Templar x2  
  101  9:35  Probe  
  114  9:38  Archon  
  114  9:42  Probe  
  114  9:45  Forge  
  117  9:50  Probe x2  
  111  10:01  Stalker x5  
  111  10:03  Pylon  
  111  10:06  Stalker x2  
  119  10:08  Pylon  
  119  10:09  High Templar  
  119  10:11  Warp Prism  
  119  10:12  Protoss Ground Weapons Level 2  
  123  10:15  Protoss Ground Armor Level 1  
  121  10:25  Zealot x2  
  121  10:26  Zealot x3  
  127  10:38  Immortal  
  127  10:39  Zealot x2  
  121  10:43  Stalker  
  127  10:54  Zealot x5  
  137  11:01  Zealot x2  
  141  11:09  Pylon x2  
  141  11:12  Probe x2  
  141  11:18  Robotics Bay  
  139  11:25  Zealot x4, High Templar x2  
  145  11:34  Robotics Bay  
  145  11:36  Probe x2  
  145  11:38  Zealot x2  
  151  11:41  Nexus  
  151  11:42  Photon Cannon  
  151  11:43  Shield Battery  
  151  11:49  Zealot x4  
  143  12:05  Probe x2, Pylon  
  143  12:06  Assimilator  
  143  12:07  Zealot x4, Assimilator  
  147  12:16  Protoss Ground Armor Level 2, Robotics Facility  
  147  12:17  Colossus  
  147  12:18  High Templar  
  147  12:19  High Templar  
  147  12:20  Zealot x2  
  157  12:41  Zealot x3  
  157  12:42  Zealot x3  
  169  12:45  Probe x3  
  172  13:01  Warp Prism  
  172  13:05  Colossus  
  172  13:09  Pylon  
  172  13:10  Pylon  
  172  13:14  Gateway x2  
  172  13:19  Zealot x5  
  168  13:40  Zealot x8  
  168  13:45  Observer  
  167  13:56  Probe x3  
  167  13:59  Observer  
  167  14:00  Nexus  
  171  14:09  Zealot x6, Sentry  
  171  14:10  Zealot x3  
  114  14:25  Probe  
  114  14:30  Stalker x5  
Tags
 
Add a new tag
Caveats
  • Supply blocks, unpowered buildings, or Contaminate may cause inaccurate times.
  • Supply counts are checked every 10 seconds.